 Dungeon Crawl Stone Soup version 0.31-a0-859-g9dce7d3444 (webtiles) character file.

Game seed: 5544677739979881952

1403 Revguard the Trooper (level 8, -9/144 HPs)
             Began as a Demonspawn Berserker on Oct 10, 2023.
             Was a Believer of Lugonu.
             Mangled by a polar bear (13 damage)
             ... created by the rage of Trog
             ... on level 5 of the Dungeon.
             The game lasted 00:12:59 (4568 turns).

Revguard the Trooper (Demonspawn Berserker)         Turns: 4568, Time: 00:13:00

Health: -9/144     AC: 24    Str: 28    XL:     8   Next: 42%
Magic:  9/9        EV:  2    Int:  9    God:    Lugonu [**....]
Gold:   132        SH:  0    Dex: 12    Spells: 7/7 levels left

rFire   . . .        n - +8 trident of the Usurping Madman {flame, rC+ rCorr Str+2}
rCold   + . .        (no shield)
rNeg    . . .        s - melded +1 plate armour
rPois   +            (helmet currently unavailable)
rElec   .            x - melded +2 cloak
rCorr   +            (gloves currently unavailable)
SInv    .            (boots currently unavailable)
Will    .....        k - amulet of the acrobat Stlth
                     q - +6 ring of strength
HPRegen 0.44/turn    (no ring)
MPRegen 0.11/turn

%: acrobat
@: mighty, berserking, tree-form, very quick
A: stationary, stasis, torment immunity, boosted hp, (antennae 2), (icy blue
scales 1), ignite blood 1
a: Renounce Religion, Depart the Abyss, Banish


You were on level 5 of the Dungeon.
You worshipped Lugonu.
Lugonu was pleased with you.
You were a tree.
You visited 2 branches of the dungeon, and saw 7 of its levels.

You collected 233 gold pieces.
You spent 101 gold pieces at shops.

Inventory:

Hand Weapons
 a - a +1 hand axe
 n - the +8 trident of the Usurping Madman (weapon) {flame, rC+ rCorr Str+2}
   (You found it on level 2 of the Dungeon)

   Str+2:     It affects your strength (+2).
   rC+:       It protects you from cold.
   rCorr:     It protects you from acid and corrosion.
Missiles
 p - 3 throwing nets
Armour
 i - a scarf of invisibility
 m - a +0 chain mail
 s - a +1 plate armour (melded)
 x - a +2 cloak (melded)
Jewellery
 k - an amulet of the acrobat (around neck)
 q - a +6 ring of strength (left branch)
 t - a ring of wizardry
Wands
 z - a wand of flame (24)
Scrolls
 e - 2 scrolls of teleportation
 l - a scroll of poison
 A - a scroll of fog
Potions
 b - a potion of curing
 c - a potion of ambrosia
 g - 2 potions of lignification
 h - 2 potions of might
 j - a potion of berserk rage
 o - a potion of haste


   Skills:
 * Level 6.1 Fighting
 * Level 5.6 Axes
 + Level 3.9 Armour
 + Level 4.0 Dodging
 + Level 1.8 Invocations
 + Level 3.5 Evocations


You had 7 spell levels left.
You didn't know any spells.
Your spell library contained the following spells:

 Spells                   Type           Power      Damage    Failure   Level
 Cigotuvi's Dreadful Rot  Necr/Pois/Air  0%         N/A       52%         2
 Gell's Gravitas          Tloc           0%         N/A       77%         3
 Teleport Other           Tloc           0%         N/A       77%         3
 Dispel Undead            Necr           0%         3d6       99%         4
 Lee's Rapid Deconstruct  Erth           0%         3d4*      100%        5
 Dispersal                Tloc           0%         N/A       100%        6
 Lehudib's Crystal Spear  Conj/Erth      0%         10d2      100%        8


Dungeon Overview and Level Annotations

Branches:
Dungeon (6/15)             Temple (1/1) D:4

Altars:
Ashenzari
Cheibriados
Dithmenos
Hepliaklqana
Makhleb
Okawaru
Qazlal
Ru
Vehumet
Wu Jian
Xom
Yredelemnul
Lugonu

Shops:
D:3 **[


Innate Abilities, Weirdness & Mutations

You are a tree.
Your roots penetrate the ground, keeping you stationary.
You cannot be teleported.
You are immune to unholy pain and torment.
Your maximum health is greatly increased.
Your equipment is partially melded.
((You have a pair of antennae on your head.))
((You are partially covered in icy blue scales. (AC +2)))
Your demonic aura sometimes causes spilled blood to erupt in flames.


Message History

You closely miss the polar bear. The black bear bites you.
* * * LOW HITPOINT WARNING * * *
The black bear claws you but does no damage. x2
The polar bear bites you but does no damage.
The polar bear claws you but does no damage. x2
You barely miss the polar bear.
The black bear bites you but does no damage.
The black bear claws you but does no damage. x2
The polar bear bites you!
* * * LOW HITPOINT WARNING * * *
The polar bear claws you but does no damage. x2
Unknown command.
You puncture the black bear! You burn the black bear.
The black bear is moderately wounded.
The black bear is engulfed in blazing flames.
The black bear bites you but does no damage.
The black bear claws you but does no damage. x2
The polar bear is engulfed in blazing flames.
The polar bear bites you!
* * * LOW HITPOINT WARNING * * *
The polar bear claws you.
* * * LOW HITPOINT WARNING * * *
The polar bear claws you but does no damage.
You puncture the polar bear! You burn the polar bear.
The polar bear is moderately wounded.
The black bear is engulfed in blazing flames.
The black bear bites you.
* * * LOW HITPOINT WARNING * * *
The black bear claws you but does no damage. x2
The polar bear is engulfed in blazing flames.
The polar bear bites you but does no damage.
The polar bear claws you but does no damage. x2
You puncture the polar bear! You burn the polar bear.
The polar bear is severely wounded.
The black bear is engulfed in blazing flames.
The black bear bites you but does no damage.
The black bear claws you but does no damage. x2
The polar bear is engulfed in blazing flames.
The polar bear bites you!
You die...

........##..#....##.# #...##..# #
....###.#........#### #...#######
....###.##.##....######...######.
....#.#..........##...#...#...###
.................##.>.#.8.#.<.# #
......#......######...#...#...#
..###........######.#.#...#.#.###
...##........##|°h...............
....#..####..##.♣h#.....⌠.....#.<
.........#...##§.........b.......
.###.......†.######.#.#...#.#.###
####.........######...#...#...###
.##..............##.>.#b8.#.<.##.
#####............##...#bb.#...##.
# ###.....#.....######.b.######.
#.......###...######...######.
#............##.....b.........


You could see a polar bear (berserk) and a black bear (berserk).

Vanquished Creatures
  Maggie (D:6)
  Grinder (D:3)
  Sigmund (D:3)
  2 black bears
  A centaur (D:6)
  A gnoll sergeant (D:5)
  A scorpion (D:5)
  3 hounds
  A gnoll bouda (D:6)
  An orc priest (D:3)
  A jelly (D:5)
  2 iguanas
  A statue (D:3)
  12 gnolls
  3 adders
  An ufetubus (D:4)
  A worm (D:5)
  2 dart slugs
  4 orcs
  5 ball pythons
  3 bats
  11 endoplasms
  2 giant cockroaches
  8 goblins
  5 hobgoblins
  7 jackals (D:1)
  5 quokkas
  2 frilled lizards
  3 kobolds
  2 rats
93 creatures vanquished.

Vanquished Creatures (others)
  A gnoll (D:5)
1 creature vanquished.

Grand Total: 94 creatures vanquished

Notes
Turn   | Place    | Note
-------+----------+-------------------------------------------
     0 | D:1      | Revguard the Demonspawn Berserker began the quest for the
                  | Orb.
     0 | D:1      | Reached XP level 1. HP: 18/18 MP: 1/1
   198 | D:1      | Gained mutation: You have a pair of small antennae on your
                  | head. [demonic ancestry]
   198 | D:1      | Reached XP level 2. HP: 21/24 MP: 2/2
   872 | D:2      | Reached XP level 3. HP: 28/29 MP: 3/3
  1152 | D:2      | Reached ** piety under Trog
  1685 | D:2      | Identified the +8 trident of the Usurping Madman {flame,
                  | rC+ rCorr Str+2}
  2014 | D:3      | Reached skill level 1 in Evocations
  2045 | D:3      | Found a basalt altar of Yredelemnul.
  2047 | D:3      | Noticed a profane servitor
  2057 | D:3      | Noticed an angel
  2070 | D:3      | Noticed Grinder
  2072 | D:3      | Paralysed by Grinder for 2 turns
  2084 | D:3      | Killed Grinder
  2085 | D:3      | Reached skill level 4 in Fighting
  2085 | D:3      | Gained mutation: Your demonic aura sometimes causes spilled
                  | blood to erupt in flames. [demonic ancestry]
  2085 | D:3      | Reached XP level 4. HP: 37/37 MP: 4/4
  2085 | D:3      | Reached XP level 5. HP: 42/42 MP: 5/5
  2109 | D:3      | Found Pigugruu's Antique Armour Shop.
  2145 | D:3      | Found a radiant altar of Vehumet.
  2151 | D:3      | Noticed a charred statue
  2159 | D:3      | Killed a charred statue
  2160 | D:3      | Gained mutation: You are partially covered in icy blue
                  | scales. (AC +2) [demonic ancestry]
  2160 | D:3      | Reached XP level 6. HP: 49/49 MP: 6/6
  2271 | D:3      | Found Fejups Wuid's Assorted Antiques.
  2285 | D:3      | Bought a black potion for 23 gold pieces
  2285 | D:3      | Bought a scroll labelled EMEWNY QATOIXT for 26 gold pieces
  2285 | D:3      | Bought a scroll labelled VUOZXA ECKI for 26 gold pieces
  2285 | D:3      | Bought a scroll labelled VEODGH ISIGH for 26 gold pieces
  2362 | D:3      | Found Ynileci's General Store.
  2434 | D:3      | Found a faded altar of an unknown god.
  2642 | D:3      | Prayed at the altar of an unknown god.
  2642 | D:3      | Fell from the grace of Trog
  2642 | D:3      | Became a worshipper of Lugonu the Unformed
  2642 | D:3      | Reached * piety under Lugonu
  2769 | D:3      | Identified the +0 war axe of Hepliaklqana's Pride {spect,
                  | Contam rPois Int+2}
  3063 | D:3      | Noticed Sigmund
  3068 | D:3      | Killed Sigmund
  3209 | D:4      | Got a quivering book
  3375 | D:4      | Gained mutation: You have a pair of antennae on your head.
                  | [demonic ancestry]
  3375 | D:4      | Reached XP level 7. HP: 49/55 MP: 7/7
  3435 | D:4      | Found a broken altar of Ashenzari.
  3481 | D:4      | Identified the +3 robe of the Prince of Darkness {rElec
                  | Regen+ rCorr Int-2}
  3550 | D:4      | Found a staircase to the Ecumenical Temple.
  3553 | D:4      | Banished a polar bear
  3553 | D:4      | Banished a polar bear
  3567 | Temple   | Entered the Ecumenical Temple
  3587 | D:4      | You fall into a shaft and drop 1 floor!
  3587 | D:5      | Entered Level 5 of the Dungeon
  3629 | D:5      | Reached skill level 5 in Fighting
  3891 | D:5      | Reached skill level 5 in Axes
  4236 | D:6      | Reached XP level 8. HP: 53/64 MP: 8/8
  4303 | D:6      | Reached ** piety under Lugonu
  4308 | D:6      | Noticed Maggie
  4343 | D:6      | Killed Maggie
  4344 | D:6      | Reached skill level 6 in Fighting
  4344 | D:6      | Reached skill level 1 in Invocations
  4493 | D:6      | Banished a polar bear
  4493 | D:6      | Banished a polar bear
  4494 | D:6      | Noticed a polar bear
  4560 | D:5      | Banished a polar bear
  4561 | D:5      | Noticed a polar bear
  4567 | D:5      | HP: 3/144 [black bear[the rage of Trog] (5)]
  4568 | D:5      | Mangled by a polar bear

Illustrated notes

Levels and vault maps discovered:
D:1:      minmay_arrival_shoal_huts, layout_loops_ring,
          chequers_serial_rivers_marsh
D:2:      minmay_door_path, layout_basic, grunt_decor_mini_mirrors
D:3:      layout_basic, grunt_temple_overflow_holy_war, vehumet_statue,
          serial_shops, shop, shop, nicolae_shop_behind_doors,
          shapermc_ecumenical_altar_petra, uniq_grinder, uniq_sigmund
D:4:      layout_cave_pods, general_overflow_altar, minmay_temple_entry_ruins
D:5:      layout_cave_pools, nicolae_elevator_lobby_plus
D:6:      layout_rooms, serial_rivers, chequers_serial_rivers_micro_c,
          chequers_serial_rivers_micro_d, chequers_serial_rivers_small_3,
          chequers_serial_rivers_micro_c, chequers_serial_rivers_micro_e,
          hangedman_decor_opposing, uniq_edmund, uniq_maggie
Temple:   nicolae_temple_figure_zero

Skill      XL: |  1  2  3  4  5  6  7  8 |
---------------+-------------------------+-----
Armour         | 2 3 |  3.9
Dodging        | 2 3 4 |  4.0
Axes           | 3 4 5 |  5.6
Evocations     | 1 2 3 |  3.5
Fighting       | 4 5 6 |  6.1
Invocations    | 1 |  1.8

Action                     |  1- 3 |  4- 6 |  7- 9 || total
---------------------------+-------+-------+-------++-------
  Melee: Hand axe          |   120 |       |       ||   120
         Trident           |    20 |    36 |    78 ||   134
         Punch             |       |       |     2 ||     2
 Invoke: Berserk           |     1 |       |       ||     1
         Trog's Hand       |     1 |       |       ||     1
    Use: Scroll            |       |     8 |     7 ||    15
         Potion            |       |     3 |     4 ||     7
   Stab: Sleeping          |     1 |       |       ||     1
 Armour: Animal skin       |    12 |       |       ||    12
         Ring mail         |    31 |       |       ||    31
         Chain mail        |    30 |     6 |       ||    36
         Plate armour      |       |     5 |    98 ||   103
         Skin              |       |       |    42 ||    42
  Dodge: Dodged            |    90 |    26 |    66 ||   182

Table legend: (Time is in decaauts)
 A = Elapsed time spent in this place.
 B = Non-inter-level travel time spent in this place.
 C = Inter-level travel time spent in this place.
 D = Time resting spent in this place.
 E = Time spent auto-exploring this place.
 F = Levels seen in this place.
 G = Mean time per level.
                   A        B        C        D        E       F      G
               +--------+--------+--------+--------+--------+-----+--------+
         Total |   4605 |   4344 |    261 |     91 |   3315 |   7 |  657.9 |
       Dungeon |   4603 |   4343 |    260 |     91 |   3315 |   6 |  767.2 |
        Temple |      1 |      0 |      1 |      0 |      0 |   1 |    1.0 |
               +--------+--------+--------+--------+--------+-----+--------+

Top non-repeatable levels by time:
     D:3: 1253 daAuts
     D:2: 1108 daAuts
     D:1: 867 daAuts
     D:5: 693 daAuts
     D:4: 402 daAuts
     D:6: 279 daAuts
  Temple: 1 daAuts
